 Dungeon Crawl Stone Soup version 0.28-a0-384-g9e0c098162 (webtiles) character file.

Game seed: 9509907535210006812

3454 Helmschank the Grappler (level 9, -4/89 HPs)
             Began as a Troll Monk on Sept 2, 2021.
             Was an Elder of Okawaru.
             Slain by a cane toad (8 damage)
             ... while petrified by a basilisk
             ... on level 2 of the Lair of Beasts.
             The game lasted 00:28:32 (8016 turns).

Helmschank the Grappler (Troll Monk)                Turns: 8016, Time: 00:28:32

Health: -4/89      AC:  4    Str: 21    XL:     9   Next: 78%
Magic:  10/11      EV:  1    Int: 12    God:    Okawaru [****..]
Gold:   414        SH:  0    Dex: 15    Spells: 8/8 levels left

rFire   . . .      SeeInvis .     - Unarmed
rCold   . . .      Faith    .   (no shield)
rNeg    + + +      Spirit   .   a - +0 robe
rPois   ∞          Reflect  .   (helmet restricted)
rElec   .          Harm     .   m - scarf {repulsion}
rCorr   .          Rampage  .   (gloves unavailable)
Will    .....                   (boots unavailable)
Stlth   +++.......              w - amulet of the acrobat
HPRegen 1.24/turn               s - +6 ring of intelligence
MPRegen 0.12/turn               Q - +4 ring of evasion

@: lethally poisoned (-4 -> -4), petrified, heroic, repel missiles
A: large, unfitting armour, claws 3, regeneration 1, shaggy fur 1, tough skin 1
a: Renounce Religion, Heroism, Finesse


You were on level 2 of the Lair of Beasts.
You worshipped Okawaru.
Okawaru was greatly pleased with you.
You visited 3 branches of the dungeon, and saw 11 of its levels.

You collected 414 gold pieces.

Inventory:

Hand Weapons
 c - a +0 hand axe
 d - a +0 whip
 f - a +0 dagger of freezing
 N - a +0 flail
 O - a +2 dagger of venom
Missiles
 b - 217 stones
 p - 14 javelins (quivered)
 y - 3 curare-tipped darts
 G - 27 poisoned darts
 Z - 3 silver javelins
Armour
 a - a +0 robe (worn)
 m - a scarf of repulsion (worn)
Jewellery
 i - a ring of ice
 s - a +6 ring of intelligence (left claw)
 w - an amulet of the acrobat (around neck)
 J - an amulet of faith
 Q - a +4 ring of evasion (right claw)
Wands
 u - a wand of acid (9)
 A - a wand of polymorph (23)
 D - a wand of digging (7)
 E - a wand of iceblast (14)
 K - a wand of paralysis (4)
Scrolls
 h - 3 scrolls of magic mapping
 k - 2 scrolls of blinking {unknown}
 l - 4 scrolls of teleportation
 o - 2 scrolls of amnesia {unknown}
 t - 2 scrolls of fear {unknown}
 v - a scroll of immolation {unknown}
 x - a scroll of silence {unknown}
 F - a scroll of noise {unknown}
 L - a scroll of acquirement {unknown}
 P - a scroll of vulnerability {unknown}
Potions
 e - 5 potions of curing
 g - a potion of magic
 j - a potion of heal wounds
 n - 2 potions of brilliance
 q - 2 potions of mutation
 r - 2 potions of attraction
 z - a potion of ambrosia
 B - 2 potions of haste
 C - a potion of resistance {unknown}
 H - a potion of might {unknown}
 I - a potion of invisibility {unknown}
 M - a potion of lignification {unknown}


   Skills:
 + Level 5.6(10.6) Fighting
 - Level 4.0(9.0) Throwing
 - Level 1.0(6.0) Armour
 + Level 5.4(10.4) Dodging
 - Level 1.0(6.0) Stealth
 - Level 9.0(14.0) Unarmed Combat
 - Level 4.0 Invocations
 - Level 2.0 Evocations


You had 8 spell levels left.
You didn't know any spells.
Your spell library contained the following spells:

 Spells                   Type           Power      Damage    Failure   Level
 Blink                    Tloc           N/A        N/A       45%         2
 Static Discharge         Conj/Air       0%         N/A       45%         2
 Portal Projectile        Hex/Tloc       0%         N/A       69%         3
 Dispel Undead            Necr           0%         3d6       97%         4
 Leda's Liquefaction      Hex/Erth       0%         N/A       97%         4
 Sticky Flame             Conj/Fire      0%         2d3       97%         4
 Manifold Assault         Tloc           0%         N/A       100%        5
 Storm Form               Tmut/Air       0%         N/A       100%        7
 Call Canine Familiar     Summ           Unusable   N/A       N/A         3

Dungeon Overview and Level Annotations

Branches:
Dungeon (8/15)             Temple (1/1) D:4            Lair (2/6) D:8
  Swamp: Lair:2-4    Shoals: Lair:2-4     Snake: Lair:2-4    Spider: Lair:2-4

Altars:
Ashenzari
Cheibriados
Elyvilon
Fedhas
Gozag
Hepliaklqana
Kikubaaqudgha
Nemelex Xobeh
Okawaru
Qazlal
Ru
Sif Muna
Trog
Uskayaw
Vehumet
Xom
Yredelemnul
Zin
The Shining One

Shops:
D:4 :

Annotations:
D:8 2 transporters, IEatYoBabies's ghost, novice BaFi
Lair:1 2 transporters


Innate Abilities, Weirdness & Mutations

You are too large for most types of armour.
You have claws for hands.
Your natural rate of healing is unusually fast.
You are covered in fur. (AC +1)
You have tough skin. (AC +1)


Message History

You turn to flesh and can move again.
You take 64 damage, and have 25/89 hp.
MASSIVE DAMAGE!!
You feel much better.
The cane toad stings you but does no damage.
The basilisk gazes at you. You resist with some effort.
You regained 31 hp, and now have 56/89 hp.
You gain the combat prowess of a mighty hero.
The cane toad completely misses you. The basilisk gazes at you.
You are slowing down.
You now have 9/11 mp.
You fail to use your ability.
The cane toad stings you! The basilisk barely misses you.
The cane toad stings you.
Your limbs are stiffening.
You take 5 damage, and have 52/89 hp.
You closely miss the cane toad. The basilisk closely misses you.
The cane toad stings you!
You are poisoned.
The cane toad poisons you! The basilisk closely misses you.
You have turned to stone.
The cane toad stings you but does no damage.
The basilisk bites you!
The cane toad stings you but does no damage.
The cane toad stings you.
The basilisk bites you but does no damage.
The cane toad stings you!!
The basilisk bites you but does no damage.
The cane toad stings you. The basilisk bites you. The cane toad stings you!!
* * * LOW HITPOINT WARNING * * *
The basilisk bites you!
* * * LOW HITPOINT WARNING * * *
The cane toad stings you!
* * * LOW HITPOINT WARNING * * *
The cane toad stings you!
* * * LOW HITPOINT WARNING * * *
The basilisk bites you. The cane toad stings you!
You die...

##.## #..# ##..# #..# #P.##
#..# #P.# ##.# . ##.#######
#.#### ...##
##P.......###.#.P#.P
....P.###...................
#P........l............#####
##(...#####@F.........##
#...# #P............## #..
#..............# #
##...........###
............####.#
#.................
...>.......<#..###
.............###
....>.......#


You could see a cane toad and a basilisk.

Vanquished Creatures
  Joseph (D:8)
  A cane toad (Lair:1)
  A hornet (D:7)
  Sigmund (D:3)
  An acid dragon (D:6)
  A water moccasin (D:7)
  3 ice beasts
  A sky beast (D:5)
  A black bear (D:6)
  An ogre (D:6)
  A necrophage (D:7)
  A centaur (D:4)
  2 bullfrogs
  3 scorpions
  A wyvern skeleton (D:7)
  A water moccasin skeleton (D:6)
  A howler monkey (D:5)
  9 wights (D:7)
  A centaur zombie (D:7)
  2 hounds
  2 orc priests
  A jelly (D:6)
  2 bullfrog skeletons (D:6)
  A centaur skeleton (D:7)
  5 iguanas
  6 orc wizards
  A killer bee zombie (D:8)
  A hound skeleton (D:4)
  A howler monkey skeleton (D:5)
  5 adders
  An ufetubus (D:7)
  A worm (D:3)
  4 dart slugs
  16 orcs
  5 bats (D:1)
  7 endoplasms
  4 giant cockroaches
  9 goblins
  7 hobgoblins
  3 jackals (D:3)
  3 quokkas
  6 ball pythons
  5 frilled lizards
  5 kobolds
  6 rats
141 creatures vanquished.

Vanquished Creatures (others)
  A plant (Lair:1)
1 creature vanquished.

Grand Total: 142 creatures vanquished

Notes
Turn   | Place    | Note
-------+----------+-------------------------------------------
     0 | D:1      | Helmschank the Troll Monk began the quest for the Orb.
     0 | D:1      | Reached XP level 1. HP: 22/22 MP: 0/0
   101 | D:1      | Reached XP level 2. HP: 29/29 MP: 1/1
   403 | D:1      | Reached XP level 3. HP: 36/36 MP: 2/2
   834 | D:2      | Found a faded altar of an unknown god.
  1667 | D:3      | Noticed Sigmund
  1675 | D:3      | Killed Sigmund
  1676 | D:3      | Reached skill level 5 in Unarmed Combat
  1676 | D:3      | Reached XP level 4. HP: 32/45 MP: 3/3
  1676 | D:3      | Reached XP level 5. HP: 37/53 MP: 4/4
  2101 | D:3      | Reached XP level 6. HP: 51/61 MP: 5/5
  2209 | D:3      | Found a shimmering blue altar of Sif Muna.
  2215 | D:3      | Found a bloodstained altar of Trog.
  2215 | D:3      | Found a snail-covered altar of Cheibriados.
  2682 | D:4      | Reached skill level 6 in Unarmed Combat
  2856 | D:4      | Found a staircase to the Ecumenical Temple.
  2868 | Temple   | Entered the Ecumenical Temple
  3011 | Temple   | Became a worshipper of Warmaster Okawaru
  3011 | Temple   | Reached * piety under Okawaru
  3011 | Temple   | Reached ** piety under Okawaru
  3308 | D:4      | Found Utotuforchi's Book Shoppe.
  3447 | D:4      | Reached skill level 1 in Invocations
  3977 | D:5      | Entered Level 5 of the Dungeon
  3981 | D:5      | Reached XP level 7. HP: 67/67 MP: 5/7
  4674 | D:6      | Reached skill level 5 in Fighting
  4892 | D:6      | Reached XP level 8. HP: 79/80 MP: 8/8
  4904 | D:6      | Reached skill level 1 in Evocations
  5018 | D:6      | Reached *** piety under Okawaru
  5076 | D:6      | Reached skill level 5 in Dodging
  5981 | D:7      | Reached skill level 7 in Unarmed Combat
  6040 | D:7      | Reached XP level 9. HP: 71/83 MP: 10/10
  6041 | D:7      | Reached **** piety under Okawaru
  6137 | D:7      | Received a gift from Okawaru
  6138 | D:7      | Reached skill level 8 in Unarmed Combat
  6370 | D:7      | Received a gift from Okawaru
  6606 | D:8      | Found a staircase to the Lair.
  6886 | D:8      | Noticed IEatYoBabies's ghost (novice BaFi)
  6895 | D:8      | Found a transporter.
  6896 | D:8      | Noticed Joseph
  6917 | D:8      | Killed Joseph
  6918 | D:8      | Reached skill level 9 in Unarmed Combat
  6968 | D:8      | Found a transporter.
  7264 | Lair:1   | Entered Level 1 of the Lair of Beasts
  7289 | Lair:1   | Noticed a cane toad
  7298 | Lair:1   | Killed a cane toad
  7299 | Lair:1   | Reached skill level 1 in Armour
  7532 | Lair:1   | Found a transporter.
  7534 | Lair:1   | Found a transporter.
  7536 | Lair:1   | Noticed a boulder beetle
  7990 | Lair:2   | Noticed a cane toad
  8015 | Lair:2   | HP: 3/89 [cane toad (4)]
  8016 | Lair:2   | Slain by a cane toad

Illustrated notes

Levels and vault maps discovered:
D:1:      ebering_trefoil_twist, layout_rooms
D:2:      layout_basic, basic_ecumenical_altar, serial_co_window_serial,
          co_window_paths_a, co_window_paths_b, co_window_paths_b,
          co_window_corner_a, co_window_corner_a, co_window_paths_a,
          co_window_unsneaky_path_e, co_window_paths_c,
          co_window_unsneaky_path_d, co_window_broadway_a, co_window_paths_d,
          glass_columns_a, glass_columns_b, glass_columns_a, glass_columns_b
D:3:      layout_basic, gammafunk_temple_overflow_forgotten, uniq_sigmund
D:4:      layout_layer_cave, minmay_temple_entry_glassed_door, serial_shops,
          shop
D:5:      layout_rooms, st_stairs_12
D:6:      layout_basic
D:7:      layout_loops_ring
D:8:      layout_basic, dpeg_oklobed_lair, gammafunk_ghost_hive, uniq_joseph
Temple:   regret_index_temple_sphere_string
Lair:1:   gammafunk_boulding_lane, layout_loops_ring
Lair:2:   layout_small_grid, dummy_spider_entry

Skill      XL: |  1  2  3  4  5  6  7  8  9 |
---------------+----------------------------+-----
Dodging        | 3 5 |  5.4
Fighting       | 3 5 |  5.6
Throwing       | 2 3 4 |  4.0
Unarmed Combat | 5 6 7 9 |  9.0
Invocations    | 1 2 3 4 |  4.0
Evocations     | 2 |  2.0
Armour         | 1 |  1.0
Stealth        | |  1.0

Action                   |  1- 3 |  4- 6 |  7- 9 || total
-------------------------+-------+-------+-------++-------
Melee: Unarmed           |   111 |    71 |   230 ||   412
       Punch             |     2 |     3 |    10 ||    15
Throw: Stone             |   103 |    36 |    96 ||   235
       Javelin           |       |     2 |     7 ||     9
       Dart              |       |       |    20 ||    20
Invok: Heroism           |       |       |     3 ||     3
Evoke: Wand              |       |       |     3 ||     3
  Use: Scroll            |       |       |     9 ||     9
       Potion            |       |       |     1 ||     1
 Stab: Sleeping          |     1 |     3 |       ||     4
Armor: Robe              |    28 |    20 |    38 ||    86
Dodge: Dodged            |    47 |    17 |   110 ||   174
       Repelled          |     2 |       |     1 ||     3

Table legend: (Time is in decaauts)
 A = Elapsed time spent in this place.
 B = Non-inter-level travel time spent in this place.
 C = Inter-level travel time spent in this place.
 D = Time resting spent in this place.
 E = Time spent auto-exploring this place.
 F = Levels seen in this place.
 G = Mean time per level.
                   A        B        C        D        E       F      G
               +--------+--------+--------+--------+--------+-----+--------+
         Total |   7975 |   7553 |    422 |    113 |   5899 |  11 |  725.0 |
       Dungeon |   7052 |   6699 |    353 |    113 |   5223 |   8 |  881.5 |
        Temple |    171 |    143 |     28 |      0 |    115 |   1 |  171.0 |
          Lair |    751 |    711 |     40 |      0 |    561 |   2 |  375.5 |
               +--------+--------+--------+--------+--------+-----+--------+

Top non-repeatable levels by time:
     D:4: 1238 daAuts
     D:3: 1051 daAuts
     D:2: 1046 daAuts
     D:6: 1001 daAuts
     D:7: 832 daAuts
     D:8: 739 daAuts
  Lair:1: 668 daAuts
     D:1: 574 daAuts
     D:5: 568 daAuts
  Temple: 171 daAuts
  Lair:2: 82 daAuts
